 Dungeon Sprint DCSS version 0.29-a0-925-g0a7a3d12f8 (webtiles) character file.

Game seed: 5981503212641734080

3597 Hipnos the Bludgeoner (level 10, -8/109 HPs)
             Began as a Gargoyle Berserker on July 28, 2022.
             Was an Elder of Trog.
             Mangled by a skeletal warrior
             ... wielding a +0 war axe
              (16 damage)
             ... in the Dungeon (Sprint II: "The Violet Keep of Menkaure").
             The game lasted 00:07:31 (1185 turns).

Hipnos the Bludgeoner (Gargoyle Berserker)          Turns: 1185, Time: 00:07:32

Health: -8/109     AC: 21    Str: 24    XL:     10   Next: 10%
Magic:  10/10      EV: 13    Int:  9    God:    Trog [****..]
Gold:   99         SH:  0    Dex:  9    Spells: 9/9 levels left

rFire   + . .      SeeInvis .   a - +0 mace
rCold   . . .      Faith    .   (no shield)
rNeg    + . .      Spirit   .   i - +3 ring mail {rF+}
rPois   ∞          Reflect  .   (no helmet)
rElec   +          Harm     .   (no cloak)
rCorr   .          Rampage  .   j - +0 pair of gloves
Will    ++...      NoTele   +   h - +2 pair of boots of Diehiod {Stlth+}
Stlth   ..........              (no amulet)
HPRegen 1.28/turn               (no ring)
MPRegen 0.12/turn               (no ring)

@: berserking (expiring), strong-willed (expiring), regenerating (expiring),
hasted, slow
A: sickness immunity, AC +7, negative energy resistance 1, electricity
resistance, torment resistance 1, petrification resistance
a: Renounce Religion, Berserk, Trog's Hand, Brothers in Arms


You were in the Dungeon.
You worshipped Trog.
Trog was greatly pleased with you.
You visited 1 branch You collected 729 gold pieces.
You spent 630 gold pieces at shops.

Inventory:

Hand Weapons
 a - a +0 mace (weapon)
 d - a +2 mace of holy wrath
Armour
 b - a +0 animal skin
 h - the +2 pair of boots of Diehiod (worn) {Stlth+}
   (You bought it in a shop in the Dungeon)

   Stlth:     It makes you more stealthy.
 i - a +3 ring mail of fire resistance (worn)
 j - a +0 pair of gloves (worn)
Wands
 k - a wand of polymorph (11)
Potions
 c - a potion of curing
 f - 2 potions of magic
 g - a potion of berserk rage


   Skills:
 + Level 13.4 Fighting
 + Level 15.8 Maces & Flails
 + Level 7.7 Armour
 + Level 7.4 Dodging
 + Level 5.8 Stealth


You had 9 spell levels left.
You didn't know any spells.
Your spell library was empty.

Dungeon Overview and Level Annotations

Branches:
Dungeon (1/1)

Altars:

Shops:
D :(=?[[((=!!!!:(

Annotations:
D exclusion: oklob plant


Innate Abilities, Weirdness & Mutations

You are immune to sickness and miasma.
Your stone body is resilient. (AC +7)
You are immune to poison.
You resist negative energy. (rN+)
You are resistant to electric shocks. (rElec)
You are resistant to unholy torment.
You are immune to petrification.


Message History

You hear a splash.
The kobold demonologist begins to cast a cantrip, but forgets the words!
The skeletal warrior hits your polar bear with a +0 war axe!
You have reached level 10!
Your polar bear misses the skeletal warrior.
Your polar bear claws the skeletal warrior but does no damage. x2
Your polar bear bites the skeletal warrior but does no damage.
Your polar bear barely misses the skeletal warrior.
Your polar bear closely misses the skeletal warrior.
The skeletal warrior hits you with a +0 war axe!
* * * LOW HITPOINT WARNING * * *
The skeletal warrior hits your polar bear with a +0 war axe.
Your polar bear bites the skeletal warrior!
Your polar bear claws the skeletal warrior but does no damage.
Your polar bear completely misses the skeletal warrior.
Things that are here:
a +0 shortbow; a centaur corpse You closely miss the skeletal warrior.
You punch the skeletal warrior, but do no damage.
The skeletal warrior is lightly damaged.
The skeletal warrior hits you with a +0 war axe.
* * * LOW HITPOINT WARNING * * *
The skeletal warrior hits your polar bear with a +0 war axe!
Your polar bear dies!
Your polar bear's corpse disappears in a puff of smoke!
You sock the skeletal warrior!
The skeletal warrior is moderately damaged.
The skeletal warrior closely misses you.
You sock the skeletal warrior!
The skeletal warrior is heavily damaged.
You feel yourself speed up.
You completely miss the skeletal warrior.
The skeletal warrior is heavily damaged.
You feel the effects of Trog's Hand fading.
The skeletal warrior barely misses you.
You hit the skeletal warrior but do no damage.
The skeletal warrior is heavily damaged.
Your unstable footing causes you to fumble your attack.
The skeletal warrior hits you with a +0 war axe!
You die...

§ ### §. #.5K#### ≈≈.
#.54Yz@## ≈.
############!§#+++#+++#
###########≈§≈.........
##....∩.∩.#≈≈≈≈.##+##.
##...∩.∩..#≈≈≈≈##$#.##
##..∩.∩...#≈≈≈≈#..#..#
##.⌠.∩....#≈≈####.#.####
##..∩.....#≈##.# #'###.#
##...∩.∩..#≈#.####.##..##


You could see an elephant, a skeletal warrior, an orange demon (summoned), a
kobold demonologist, a white imp (summoned) and a shadow imp (summoned).

Vanquished Creatures
  A blink frog (D)
  Menkaure (D)
  4 necrophages (D)
  4 scorpions (D)
  3 worms (D)
13 creatures vanquished.

Vanquished Creatures (collateral kills)
  Kirke (D)
  A yaktaur captain (D)
  A boulder beetle (D)
  A centaur warrior (D)
4 creatures vanquished.

Vanquished Creatures (others)
  A water moccasin (D)
1 creature vanquished.

Grand Total: 18 creatures vanquished

Notes
Turn   | Place    | Note
-------+----------+-------------------------------------------
     0 | D        | Hipnos the Gargoyle Berserker began the quest for the Orb.
     0 | D        | Reached XP level 1. HP: 14/14 MP: 1/1
     1 | D        | Noticed a scorpion
     1 | D        | Noticed a scorpion
     1 | D        | Noticed a scorpion
     1 | D        | Noticed a scorpion
     6 | D        | Killed a scorpion
     7 | D        | Reached skill level 5 in Fighting
     7 | D        | Reached skill level 5 in Maces & Flails
     7 | D        | Reached XP level 2. HP: 22/22 MP: 2/2
     7 | D        | Reached XP level 3. HP: 27/27 MP: 3/3
     9 | D        | Killed a scorpion
    10 | D        | Reached skill level 6 in Maces & Flails
    10 | D        | Reached XP level 4. HP: 34/34 MP: 4/4
    10 | D        | Reached XP level 5. HP: 38/38 MP: 5/5
    11 | D        | Reached ** piety under Trog
    12 | D        | Reached skill level 7 in Maces & Flails
    18 | D        | Reached skill level 8 in Maces & Flails
    18 | D        | Reached XP level 6. HP: 45/45 MP: 6/6
    62 | D        | Found Wos Ack's Antique Weapon Shop.
    62 | D        | Found Ihuosuk's Distillery.
    62 | D        | Found Bitu's Distillery.
    62 | D        | Found Uschoxeu's Antique Weapon Boutique.
    63 | D        | Found Vothrah's Antique Weapon Shop.
    63 | D        | Found Alloulast's Distillery.
    63 | D        | Found Rotytry's Distillery.
    63 | D        | Found Emelucah's Antique Armour Boutique.
    63 | D        | Found Xibbupn's Antique Armour Shop.
    63 | D        | Found Liabliukau's Magic Scroll Boutique.
    72 | D        | Reached *** piety under Trog
    94 | D        | Reached skill level 9 in Maces & Flails
   108 | D        | Reached skill level 5 in Armour
   118 | D        | Reached skill level 10 in Maces & Flails
   125 | D        | Reached **** piety under Trog
   126 | D        | Reached XP level 7. HP: 25/52 MP: 7/7
   325 | D        | Noticed a boulder beetle
   325 | D        | Noticed a boulder beetle
   339 | D        | Killed a boulder beetle
   340 | D        | Reached skill level 12 in Maces & Flails
   340 | D        | Reached skill level 5 in Dodging
   340 | D        | Reached skill level 1 in Stealth
   340 | D        | Reached XP level 8. HP: 19/60 MP: 8/8
   370 | D        | HP: 1/60 [boulder beetle (23)]
   641 | D        | Found Dabogh's Book Boutique.
   641 | D        | Found Osocyry's Jewellery Shop.
   641 | D        | Found Rarekot's Jewellery Shop.
   641 | D        | Found Wudir's Weapon Boutique.
   641 | D        | Noticed Menkaure
   655 | D        | Killed Menkaure
   656 | D        | Reached skill level 13 in Maces & Flails
   678 | D        | Noticed an oklob plant
   679 | D        | Found Kivemes's Book Shoppe.
   693 | D        | Bought a runed mace for 126 gold pieces
   765 | D        | Bought a pair of twisted boots for 228 gold pieces
   765 | D        | Identified the +2 pair of boots of Diehiod {Stlth+} (You
                  | bought it in a shop in the Dungeon)
   765 | D        | Bought a shiny ring mail for 168 gold pieces
   765 | D        | Bought a pair of gloves for 108 gold pieces
   795 | D        | Noticed a flying skull
   795 | D        | Noticed a flying skull
   796 | D        | Noticed a blink frog
   796 | D        | Noticed a flying skull
   807 | D        | Noticed a flying skull
   817 | D        | Noticed a flying skull
   818 | D        | Noticed a flying skull
  1092 | D        | Killed a blink frog
  1161 | D        | Noticed a centaur warrior
  1161 | D        | Noticed Kirke
  1161 | D        | Noticed a kobold demonologist
  1162 | D        | Noticed a soul eater
  1163 | D        | Noticed an elephant
  1163 | D        | Noticed a skeletal warrior
  1163 | D        | Noticed a yaktaur captain
  1172 | D        | Killed Kirke
  1173 | D        | Reached skill level 14 in Maces & Flails
  1173 | D        | Reached XP level 9. HP: 19/67 MP: 9/9
  1175 | D        | Noticed an orange demon
  1175 | D        | Killed a yaktaur captain
  1176 | D        | Reached skill level 15 in Maces & Flails
  1176 | D        | Reached skill level 5 in Stealth
  1178 | D        | Killed a centaur warrior
  1179 | D        | Reached XP level 10. HP: 19/73 MP: 10/10
  1180 | D        | HP: 4/109 [skeletal warrior/+0 war axe (3)]
  1185 | D        | Mangled by a skeletal warrior

Illustrated notes

Levels and vault maps discovered:
D:        the_violet_keep_of_menkaure [sprint2_stairs_cluster_1,
          sprint2_shoproom, sprint2_temple, sprint2_basic_supplies,
          sprint2_obstacle_1, sprint2_obstacle_3, sprint2_obstacle_6,
          sprint2_obstacle_4, sprint2_obstacle_5, sprint2_timed_cluster_1,
          sprint2_smallroom_cluster_1, sprint2_smallroom_final_cluster_1,
          sprint2_transparent_cluster_1, sprint2_second_timed_cluster_1,
          sprint2_sniper_area_1, sprint2_heavy_combat_area_1,
          sprint2_mutation_trap_area_1, sprint2_forest_area_1,
          sprint2_light_combat_area_1, sprint2_behind_water_1,
          sprint2_near_end_vault_1]

Skill      XL: |  1  2  3  4  5  6  7  8  9 |
---------------+----------------------------+-----
Fighting       | 5 7 8 9 11 12 13 | 13.4
Maces & Flails | 5 6 8 10 12 14 15 | 15.8
Armour         | 3 4 5 6 7 |  7.7
Dodging        | 2 3 4 5 6 7 |  7.4
Stealth        | 1 4 5 |  5.8

Action                   |  1- 3 |  4- 6 |  7- 9 | 10-12 || total
-------------------------+-------+-------+-------+-------++-------
Melee: Mace              |     7 |    64 |    46 |     6 ||   123
       Punch             |       |     2 |     1 |     1 ||     4
Invok: Berserk           |     1 |       |     4 |       ||     5
       Trog's Hand       |       |       |     3 |       ||     3
       Brothers in Arms  |       |       |     2 |       ||     2
  Use: Potion            |       |       |     2 |       ||     2
       Scroll            |       |       |     1 |       ||     1
 Stab: Distracted        |       |       |     1 |       ||     1
Armor: Animal skin       |     1 |    16 |       |       ||    17
       Ring mail         |       |       |    20 |       ||    20
Dodge: Dodged            |     2 |    22 |    27 |     2 ||    53

Table legend: (Time is in decaauts)
 A = Elapsed time spent in this place.
 B = Non-inter-level travel time spent in this place.
 C = Inter-level travel time spent in this place.
 D = Time resting spent in this place.
 E = Time spent auto-exploring this place.
 F = Levels seen in this place.
 G = Mean time per level.
                   A        B        C        D        E       F      G
               +--------+--------+--------+--------+--------+-----+--------+
         Total |   1219 |   1219 |      0 |    899 |      0 |   1 | 1219.0 |
       Dungeon |   1219 |   1219 |      0 |    899 |      0 |   1 | 1219.0 |
               +--------+--------+--------+--------+--------+-----+--------+

Top non-repeatable levels by time:
       D: 1219 daAuts
